 Dungeon Crawl Stone Soup version 0.18-a0-1718-g40ea4b6 (webtiles) character file.

297 Arkorax the Ruffian (level 6, 0/53 HPs)
             Began as a Centaur Monk on Apr 8, 2016.
             Succumbed to a worker ant's poison
             ... on level 4 of the Dungeon.
             The game lasted 00:05:12 (3939 turns).

Arkorax the Ruffian (Centaur Monk)                  Turns: 3939, Time: 00:05:13

Health: 0/53       AC:  6    Str: 14    XL:     6   Next: 12%
Magic:  6/6        EV: 12    Int: 14    God:
Gold:   137        SH:  8    Dex: 18    Spells: 0 memorised, 5 levels left

rFire  . . .     SeeInvis .       - Unarmed
rCold  . . .     Gourm    .     n - +0 ring mail
rNeg   . . .     Faith    .     k - +0 shield
rPois  .         Spirit   .     o - +0 helmet
rElec  .         Dismiss  .     (no cloak)
rCorr  .         Reflect  .     (no gloves)
SustAt .         Harm     .     (no barding)
MR     .....                    (no amulet)
Stlth  ++........               (no ring)
                                (no ring)

@: brilliant, agile, lethally poisoned (0 -> -4), slowed, not resistant to
hostile enchantments, unstealthy
A: hooves 3, deformed body, speed 2, tough skin 3
a: no special abilities


You were on level 4 of the Dungeon.
You were hungry.

You visited 1 branch of the dungeon, and saw 4 of its levels.

You collected 137 gold pieces.

Inventory:

Armour
 a - a +0 robe
 j - a +0 buckler
 k - a +0 shield (worn)
 m - a +0 chain mail
 n - a +0 ring mail (worn)
 o - a +0 helmet (worn)
Scrolls
 c - 2 scrolls of amnesia {unknown}
 d - 2 scrolls of remove curse {unknown}
 e - 3 scrolls of identify {unknown}
 f - a scroll of recharging {unknown}
 g - a scroll of fear {unknown}
 l - a scroll of immolation {unknown}
Potions
 h - 3 potions of brilliance
Comestibles
 b - 2 bread rations


   Skills:
 * Level 4.7 Fighting
 - Level 2.1 Dodging
 - Level 1.2 Stealth
 + Level 1.3 Shields
 * Level 6.0 Unarmed Combat


You had 5 spell levels left.
You didn't know any spells.

Dungeon Overview and Level Annotations

Branches:
Dungeon (4/15)
 Temple: D:4-7

Altars:

Annotations:
D:4 Natasha


Innate Abilities, Weirdness & Mutations

You have hooves in place of feet.
Armour fits poorly on your strangely shaped body.
You cover ground very quickly.
You have extremely tough skin (AC +3).


Message History

Unknown command.
* * * LOW HITPOINT WARNING * * *
You feel sick.
* * * LOW HITPOINT WARNING * * *
You feel sick.
The worker ant waves its antennae.
The worker ant closely misses you. The iron imp completely misses you.
* * * LOW HITPOINT WARNING * * *
You feel sick.
The crimson imp gestures.
The crimson imp blinks!
The worker ant barely misses you.
* * * LOW HITPOINT WARNING * * *
You feel sick.
* * * LOW HITPOINT WARNING * * *
You feel sick.
* * * LOW HITPOINT WARNING * * *
You feel sick. You block the worker ant's attack.
* * * LOW HITPOINT WARNING * * *
You feel sick.
You die...

#....###.##..#...h.........
#....# #.###.##.†..........
#.#..# #.# ##....##........
#.##.###.## #...#......#...
#..#..#...####.............
##...........##.h5##........
#........#......a####.......
..###....###.....# ..#....
### #.....###..#@# ....#. #
##..........### ..
####..%...####.# $##.$<...##
........## .##....##
####...## ..##....... .#
##...# .....#...#........ .#
##..###### ..... .#..#......


You could see a worker ant, an iron imp and Natasha.

Vanquished Creatures
  2 hounds (D:4)
  An orc wizard (D:3)
  A giant frog skeleton (D:4)
  Natasha (D:4)
  3 river rats (D:3)
  5 adders
  2 worms
  2 dart slugs
  4 giant geckos
  7 orcs
  A ball python (D:2)
  6 bats
  9 giant cockroaches
  8 goblins
  4 hobgoblins
  4 quokkas
  A giant newt (D:1)
  4 kobolds
  4 rats
69 creatures vanquished.

Notes
Turn   | Place    | Note
--------------------------------------------------------------
     0 | D:1      | Arkorax the Centaur Monk began the quest for the Orb.
     0 | D:1      | Reached XP level 1. HP: 19/19 MP: 1/1
   335 | D:1      | Reached XP level 2. HP: 23/26 MP: 2/2
   978 | D:2      | Reached XP level 3. HP: 31/31 MP: 3/3
  1222 | D:2      | Reached skill level 5 in Unarmed Combat
  1998 | D:3      | Reached XP level 4. HP: 34/40 MP: 4/4
  2764 | D:3      | Reached XP level 5. HP: 30/46 MP: 5/5
  3225 | D:4      | Noticed Natasha
  3240 | D:4      | Killed Natasha
  3240 | D:4      | Reached skill level 1 in Shields
  3918 | D:4      | Reached skill level 6 in Unarmed Combat
  3918 | D:4      | Reached XP level 6. HP: 50/53 MP: 6/6
  3921 | D:4      | Noticed Natasha
  3936 | D:4      | HP: 2/53 [poisoned by a worker ant]
  3939 | D:4      | Succumbed to a worker ant's poison

Vault maps used:
D:1:      sevenhm_arrival_forest_fort_small_5, serial_glass, glass_columns_c,
          glass_columns_a, item_on_display_a, feat_on_display,
          minmay_strange_pillars
D:2:      first_bread
D:3:      portal_sewer_entry_e
D:4:      uniq_natasha

Skill      XL: |  1  2  3  4  5 |
---------------+----------------+-----
Unarmed Combat | 5 6 |  6.0
Fighting       | 4 |  4.7
Shields        | 1 |  1.3
Dodging        | |  2.1
Stealth        | |  1.2

Action                   |  1- 3 |  4- 6 || total
-------------------------+-------+-------++-------
Melee: Unarmed           |    98 |   180 ||   278
  Use: Potion            |       |     2 ||     2
  Eat: Chunk             |     2 |     1 ||     3
       Bread ration      |       |     1 ||     1
